 Dungeon Crawl Stone Soup version 0.31.0-4-g52a2dc7128 (webtiles) character file.

Game seed: 15618147944633538552

11680 puppykicker the Slicer (level 11, -1/53 HPs)
             Began as a Vine Stalker Necromancer on Jan 22, 2024.
             Was a High Priest of Sif Muna.
             Slain by an eight-headed hydra (4 damage)
             ... on level 10 of the Dungeon.
             The game lasted 00:44:11 (10277 turns).

puppykicker the Slicer (Vine Stalker Necromancer)  Turns: 10277, Time: 00:44:11

Health: -1/53      AC: 13    Str: 17    XL:     11   Next: 81%
Magic:  0/19       EV: 18    Int: 17    God:    Sif Muna [*****.]
Gold:   1109       SH:  0    Dex: 17    Spells: 12/20 levels left

rFire   . . .        a - +11 rapier "Umid" {flame, rElec rPois}
rCold   . . .        (no shield)
rNeg    + + .        I - +0 acid dragon scales
rPois   +            l - +0 helmet
rElec   +            D - +2 cloak {Will+}
rCorr   +            m - +0 pair of gloves
SInv    +            o - +0 pair of boots
Will    ++...        (no amulet)
Stlth   ++           v - +5 ring of evasion
HPRegen 1.08/turn    J - ring of Boxkougo {rElec rN++ Str+6 SInv Stlth-}
MPRegen 0.16/turn

%: guardian spirit
@: about to teleport
A: fangs 3, regeneration 1, magic shield, antimagic bite, no potion heal 2
a: Renounce Religion, Channel Magic, Forget Spell, Divine Exegesis


You were on level 10 of the Dungeon.
You worshipped Sif Muna.
Sif Muna was extremely pleased with you.
You visited 1 branch of the dungeon, and saw 10 of its levels.
You also visited: Sewer.

You collected 1331 gold pieces.
You spent 222 gold pieces at shops.

Inventory:

Hand Weapons
 a - the +11 rapier "Umid" (weapon) {flame, rElec rPois}
   (You acquired it on level 8 of the Dungeon)

   rElec:     It insulates you from electricity.
   rPois:     It protects you from poison
 b - a +2 short sword of venom
Missiles
 x - 36 poisoned darts (quivered)
 B - 11 curare-tipped darts
Armour
 j - the +0 robe of Midsummer {Fly}
   (You found it on level 5 of the Dungeon)

   Fly:       It grants you flight.
 l - a +0 helmet (worn)
 m - a +0 pair of gloves (worn)
 o - a +0 pair of boots (worn)
 A - a +0 tower shield
 C - an orb of energy
 D - a +2 cloak of willpower (worn)
 I - +0 acid dragon scales (worn)
Jewellery
 v - a +5 ring of evasion (left hand)
 F - a ring of protection from fire
 J - the ring of Boxkougo (right hand) {rElec rN++ Str+6 SInv Stlth-}
   (You acquired it on level 10 of the Dungeon)

   [ring of strength]

   Str+6:     It affects your strength (+6).
   rElec:     It insulates you from electricity.
   rN++:      It greatly protects you from negative energy.
   SInv:      It lets you see invisible.
   Stlth-:    It makes you less stealthy.
Wands
 H - a wand of paralysis (1)
Scrolls
 c - a scroll of immolation {!r}
 e - a scroll of fear
 i - a scroll of brand weapon {unknown}
 k - 3 scrolls of amnesia
 n - 3 scrolls of enchant armour
 q - a scroll of silence
 r - 4 scrolls of poison {!r}
 t - 3 scrolls of teleportation
 y - 2 scrolls of enchant weapon
Potions
 d - 3 potions of curing
 g - 4 potions of brilliance
 h - 2 potions of haste
 p - 3 potions of cancellation
 s - 3 potions of ambrosia
 u - 2 potions of mutation {!q}
 E - 3 potions of magic
 G - a potion of lignification {!q}


   Skills:
 - Level 4.0 Fighting
 * Level 9.9 Short Blades
 - Level 4.0 Armour
 - Level 4.0 Dodging
 - Level 5.0 Stealth
 - Level 1.5 Shields
 + Level 5.1 Spellcasting
 + Level 2.7 Summonings
 + Level 8.5 Necromancy
 + Level 4.2 Translocations
 - Level 5.0 Invocations
 + Level 2.9 Evocations


You had 12 spell levels left.
You knew the following spells:

 Your Spells              Type           Power      Damage    Failure   Level
a - Necrotise             Necr           100%       1d9       1%          1
b - Summon Small Mammal   Summ           52%        N/A       6%          1
g - Apportation           Tloc           36%        N/A       3%          1
p - Blink                 Tloc           36%        N/A       4%          2
v - Vampiric Draining     Necr           33%        2d8       1%          3

Your spell library contained the following spells:

 Spells                   Type           Power      Damage    Failure   Level
 Kiss of Death            Conj/Necr      72%        2d10      3%          1
 Lesser Beckoning         Tloc           36%        N/A       4%          2
 Animate Dead             Necr           33%        N/A       5%          4
 Cigotuvi's Dreadful Rot  Necr/Alch/Air  28%        N/A       9%          2
 Momentum Strike          Conj/Tloc      22%        3d8       12%         2
 Curse of Agony           Necr           33%        N/A       16%         5
 Sting                    Conj/Alch      16%        1d4       19%         1
 Martyr's Knell           Necr/Summ      23%        N/A       19%         4
 Scorch                   Fire           8%         2d5       28%         2
 Hailstorm                Conj/Ice       4%         3d5       50%         3
 Summon Forest            Summ/Tloc      8%         N/A       77%         5
 Flame Wave               Conj/Fire      4%         2d5       88%         4
 Freezing Cloud           Conj/Ice/Air   2%         6-21      99%         5
 Summon Cactus Giant      Summ           6%         N/A       100%        6


Dungeon Overview and Level Annotations

Branches:
Dungeon (10/15)            Temple (0/1) D:4             Orc (0/2) D:9
  Sewer (visited)
   Lair: D:8-11

Altars:
Ashenzari
Cheibriados
Elyvilon
Makhleb
Okawaru
Sif Muna
Trog
Uskayaw
Vehumet
Wu Jian
Xom
Zin
The Shining One

Shops:
D:4 ?   D:9 *

Annotations:
D:2 2 diggables
D:8 3 runed translucent doors, peterlawrence's ghost, novice MiFi


Innate Abilities, Weirdness & Mutations

You have razor-sharp teeth.
Your natural rate of healing is unusually fast.
When hurt, damage is shared between your health and your magic reserves.
Your bite disrupts and absorbs the magic of your enemies.
Potions cannot restore your health.


Message History

Aim: an eight-headed hydra (moderately wounded, chance to affect: 23%)
The eight-headed hydra resists with almost no effort.
The eight-headed hydra completely misses you.
The eight-headed hydra misses you.
The eight-headed hydra bites you but does no damage.
The eight-headed hydra completely misses you.
The eight-headed hydra bites you. The eight-headed hydra misses you. x2
The eight-headed hydra bites you!
You take 7 damage, and have 31/53 hp.
You now have 9/19 mp.
Aiming: Paralyse
Press: ? - help, Shift-Dir - straight line, f/p - eight-headed hydra
Aim: an eight-headed hydra (moderately wounded, chance to affect: 23%)
The eight-headed hydra resists with almost no effort.
The eight-headed hydra bites you but does no damage.
The eight-headed hydra bites you!
* * * LOW HITPOINT WARNING * * *
The eight-headed hydra bites you but does no damage.
The eight-headed hydra closely misses you.
The eight-headed hydra bites you!
* * * LOW MAGIC WARNING * * *;
* * * LOW HITPOINT WARNING * * *
The eight-headed hydra barely misses you.
The eight-headed hydra bites you.
* * * LOW MAGIC WARNING * * *;
* * * LOW HITPOINT WARNING * * *
The eight-headed hydra closely misses you.
You take 19 damage, and have 12/53 hp.
MASSIVE DAMAGE!!
You now have 4/19 mp.
As you read the scroll of teleportation, it crumbles to dust.
You feel strangely unstable.
The eight-headed hydra completely misses you.
The eight-headed hydra barely misses you.
The eight-headed hydra completely misses you.
The eight-headed hydra closely misses you.
The eight-headed hydra bites you!
* * * LOW MAGIC WARNING * * *;
* * * LOW HITPOINT WARNING * * *
The eight-headed hydra bites you.
* * * LOW MAGIC WARNING * * *;
* * * LOW HITPOINT WARNING * * *
The eight-headed hydra bites you.
* * * LOW MAGIC WARNING * * *
You die...

.......#.......#.....#...#.......
#......#.......#.....#...##......
##.....#.......#))...#...##......
.#.....######'##'#####...#.......
.......#...#...))....'...#...#...
#...##.#.[.#....)....#####...##..
.....###...'..#####..#...#.###...
#....#######..#####..†...### #...
#......#...#...D@....#[..# ##..
.......#.).'.........#)..# #.#
..#..###>[.#####'#####...### ###
..#.##.#...#8≈≈≈≈≈≈≈8#...#.##
.......#)..#≈≈≈≈≈≈≈≈≈#...#..###
##.....#[(.#~≈~≈~~~~~#(..#....###
#......#####.........#####....#.#
#........##...#.##...............
#....#...###.....##..............


You could see an eight-headed hydra.

Levels and vault maps discovered:
D:1:      wander_arrival_peaceful_grave, layout_basic,
          dreamdust_ecumenical_altar_grove, chequers_mini_garden,
          serial_bayou_crossing
D:2:      layout_loops_corners, serial_glass, glass_columns_b, glass_columns_a,
          minmay_strange_pillars, item_on_display_a, due_unseen_surprise,
          feat_on_display, basic_altar, chequers_decorated_corner
D:3:      layout_basic, mainiacjoe_overflow_catwalk, minitemple
D:4:      layout_basic, kennysheep_mini_moat, minmay_temple_entry_junction,
          serial_undead, serial_undead_c, serial_undead_c, serial_undead_f,
          serial_undead_e, serial_shops, shop
D:5:      layout_basic, portal_sewer_entry_a
D:6:      layout_rooms, mainiacjoe_overflow_alcove_2, uniq_jeremiah,
          uniq_grinder
D:7:      black_bear_nest_1, layout_cave_pools, sigmund_edmund_badplayer,
          uniq_duvessa
D:8:      layout_basic, old_standard_altar, serial_demonic, serial_demonic_c,
          serial_demonic_a, serial_demonic_e, serial_demonic_e,
          gammafunk_ghost_necromancy
D:9:      kennysheep_seaside_town, layout_cave_pods,
          nzn_overflow_gifts_of_might_and_magic, good_gods_mini_temple,
          makhleb_altar_promises_db, david_orc_3,
          nicolae_shop_sticking_my_neck_out
D:10:     layout_cave_pools, evilmike_minifort, uniq_erolcha

Notes
Turn   | Place    | Note
-------+----------+-------------------------------------------
     0 | D:1      | puppykicker the Vine Stalker Necromancer began the quest
                  | for the Orb.
     0 | D:1      | Reached XP level 1. HP: 9/9 MP: 4/4
    25 | D:1      | Identified a +0 dagger of draining
    64 | D:1      | Identified a +0 club
   107 | D:1      | Reached XP level 2. HP: 13/13 MP: 6/6
   137 | D:1      | Identified a +0 dagger
   146 | D:1      | Identified a +0 short sword
   264 | D:1      | Identified a +2 dagger of speed
   313 | D:1      | Identified a +0 dagger
   318 | D:1      | Reached skill level 1 in Short Blades
   343 | D:1      | Identified a +0 whip
   401 | D:1      | Identified a +0 dagger
   425 | D:1      | Reached XP level 3. HP: 17/17 MP: 7/7
   573 | D:1      | Found a faded altar of an unknown god.
   596 | D:1      | Prayed at the altar of an unknown god.
   596 | D:1      | Became a worshipper of Sif Muna the Loreminder
   596 | D:1      | Reached * piety under Sif Muna
   738 | D:1      | Identified a +0 barding
   817 | D:2      | Identified a +0 leather armour
   833 | D:2      | Identified a +0 dagger
   903 | D:2      | Identified a +0 ring mail
   952 | D:2      | Identified 2 scrolls of immolation
   978 | D:2      | Identified a +0 spear
  1001 | D:2      | Identified a +0 club
  1010 | D:2      | Identified a +0 spear
  1032 | D:2      | Identified a +0 long sword of holy wrath
  1193 | D:2      | Identified an orb of guile
  1243 | D:2      | Identified a +0 pair of boots
  1265 | D:2      | Found an ornate altar of the Wu Jian Council.
  1399 | D:2      | Identified a +0 dagger
  1569 | D:2      | Identified a +0 dagger
  1661 | D:2      | Identified a +0 dagger
  1764 | D:3      | Found a hide-covered altar of Uskayaw.
  1781 | D:3      | Identified a +0 short sword
  1847 | D:3      | Identified a +0 club
  1854 | D:3      | Found a radiant altar of Vehumet.
  1862 | D:3      | Found an ornate altar of the Wu Jian Council.
  1866 | D:3      | Found a snail-covered altar of Cheibriados.
  1945 | D:3      | Identified a +0 hand axe
  2002 | D:3      | Reached XP level 4. HP: 21/21 MP: 5/8
  2027 | D:3      | Identified a +0 war axe
  2027 | D:3      | Identified a +0 short sword
  2027 | D:3      | Identified a +0 scale mail
  2027 | D:3      | Identified a +2 short sword of venom
  2039 | D:3      | Learned a level 3 spell: Vampiric Draining
  2052 | D:3      | Identified a +0 falchion
  2052 | D:3      | Identified a +0 scale mail
  2053 | D:3      | Identified a +0 mace
  2053 | D:3      | Identified a +0 leather armour
  2095 | D:3      | Identified a +0 sling
  2305 | D:3      | Identified a +0 club
  2520 | D:4      | Found Widumount's Magic Scroll Emporium.
  2525 | D:4      | Bought a scroll of teleportation for 36 gold pieces
  2525 | D:4      | Bought a scroll of noise for 12 gold pieces
  2525 | D:4      | Bought a scroll of teleportation for 36 gold pieces
  2568 | D:4      | Identified a +0 dagger
  2592 | D:4      | Identified a +0 flail
  2593 | D:4      | Identified a +0 whip
  2593 | D:4      | Identified a +0 club
  2594 | D:4      | Identified a +0 club
  2618 | D:4      | Reached skill level 1 in Armour
  2622 | D:4      | Reached ** piety under Sif Muna
  2623 | D:4      | Reached skill level 3 in Stealth
  2628 | D:4      | Reached skill level 1 in Fighting
  2628 | D:4      | Reached skill level 2 in Dodging
  2628 | D:4      | Reached skill level 1 in Invocations
  2628 | D:4      | Reached XP level 5. HP: 25/25 MP: 4/10
  2641 | D:4      | Reached skill level 2 in Short Blades
  2703 | D:4      | Found a shimmering altar of Xom.
  2742 | D:4      | Identified a +0 hand axe
  2963 | D:4      | Identified a +0 club
  2965 | D:4      | Noticed a phantom
  2992 | D:4      | Killed a phantom
  2993 | D:4      | Reached XP level 6. HP: 21/30 MP: 5/11
  3010 | D:4      | Found a staircase to the Ecumenical Temple.
  3074 | D:4      | Reached skill level 3 in Spellcasting
  3227 | D:5      | Entered Level 5 of the Dungeon
  3338 | D:5      | Identified a +0 whip
  3338 | D:5      | Identified a +0 spear
  3338 | D:5      | Identified a +0 halberd
  3376 | D:5      | Identified a +0 trident
  3498 | D:5      | Identified a +2 long sword of protection
  3521 | D:5      | Identified a +0 hand axe
  3521 | D:5      | Identified a +0 leather armour
  3526 | D:5      | Found a glowing drain.
  3526 | D:5      | Identified a +0 dagger
  3526 | D:5      | Identified a +0 robe
  3526 | D:5      | Identified a +0 flail
  3526 | D:5      | Identified a +0 leather armour
  3526 | D:5      | Identified a +0 short sword
  3567 | D:5      | Reached skill level 3 in Short Blades
  3567 | D:5      | Reached XP level 7. HP: 34/34 MP: 7/12
  3587 | Sewer    | Entered a sewer
  3587 | Sewer    | Identified a +0 short sword
  3601 | Sewer    | Identified a +0 whip
  3627 | Sewer    | Identified a +0 club
  3636 | Sewer    | Identified a +0 club
  3636 | Sewer    | Identified a +0 dagger
  3685 | Sewer    | Identified a +0 short sword
  3686 | Sewer    | Identified a +0 short sword
  3686 | Sewer    | Identified a +0 club
  3708 | Sewer    | Identified a +0 short sword
  3719 | Sewer    | Identified a +0 club
  3721 | Sewer    | Identified a +0 whip
  3743 | Sewer    | Found an ancient bone altar of Kikubaaqudgha.
  3743 | Sewer    | Identified a +0 whip
  3743 | Sewer    | Identified a +0 whip
  3743 | Sewer    | Identified a +0 dagger
  3748 | Sewer    | Reached *** piety under Sif Muna
  3760 | Sewer    | Reached skill level 2 in Invocations
  3772 | Sewer    | Identified a +0 short sword
  3786 | Sewer    | Reached skill level 2 in Fighting
  3786 | Sewer    | Reached skill level 4 in Stealth
  3813 | Sewer    | Identified a +0 whip
  3867 | Sewer    | Identified a +0 club
  3947 | D:4      | Bought a scroll of enchant weapon for 90 gold pieces
  3947 | D:4      | Bought a scroll of amnesia for 48 gold pieces
  3947 | D:4      | Identified 3 scrolls of identify
  3947 | D:4      | Identified 2 scrolls of poison
  3948 | D:4      | Identified 2 scrolls of enchant armour
  3949 | D:4      | Identified a scroll of fog
  3997 | D:5      | Reached skill level 2 in Armour
  4019 | D:5      | Identified a scroll of silence
  4057 | D:5      | Identified a +0 war axe
  4123 | D:5      | Identified a +0 robe
  4167 | D:5      | Identified the +0 robe of Midsummer {Fly}
  4209 | D:5      | Identified a +0 dagger
  4212 | D:5      | Identified a +0 club
  4212 | D:5      | Identified a +0 leather armour
  4212 | D:5      | Identified a +0 short sword
  4212 | D:5      | Identified a +0 leather armour
  4212 | D:5      | Identified a +0 morningstar
  4212 | D:5      | Identified a +0 leather armour
  4212 | D:5      | Identified a +0 flail
  4212 | D:5      | Identified a +0 chain mail
  4212 | D:5      | Identified a +0 flail
  4256 | D:5      | Identified a +0 long sword of holy wrath
  4288 | D:5      | Identified a +0 tower shield
  4399 | D:5      | Identified a +0 ring mail
  4478 | D:6      | Found an iron altar of Okawaru.
  4478 | D:6      | Identified a +0 dagger
  4478 | D:6      | Identified a +0 club
  4478 | D:6      | Identified a +0 club
  4498 | D:6      | Identified a +0 spear
  4501 | D:6      | Identified a +0 whip
  4508 | D:6      | Identified a +0 club
  4513 | D:6      | Identified a +0 club
  4556 | D:6      | Gained mutation: You have razor-sharp teeth. [Vine Stalker
                  | growth]
  4556 | D:6      | Reached XP level 8. HP: 27/39 MP: 11/14
  4569 | D:6      | Learned a level 1 spell: Apportation
  4589 | D:6      | HP: 9/39 [steam dragon (4)]
  4620 | D:6      | Noticed Grinder
  4714 | D:6      | Reached skill level 4 in Short Blades
  4714 | D:6      | Reached skill level 5 in Necromancy
  4726 | D:6      | Identified a +2 trident of venom
  4756 | D:6      | Reached skill level 3 in Dodging
  4756 | D:6      | Reached skill level 1 in Translocations
  4831 | D:6      | Identified a +3 trident of draining
  4831 | D:6      | Identified a +0 robe
  4831 | D:6      | Identified an orb of energy
  4831 | D:6      | Noticed Jeremiah
  5038 | D:6      | Killed Grinder
  5039 | D:6      | Reached skill level 4 in Spellcasting
  5039 | D:6      | Reached skill level 3 in Invocations
  5098 | D:6      | Identified a ring of protection from fire
  5127 | D:6      | Identified a +0 club
  5193 | D:6      | HP: 5/35 [Jeremiah/divine providence (11)]
  5196 | D:6      | HP: 2/33 [Jeremiah/+3 trident of draining (2)]
  5197 | D:6      | Killed Jeremiah
  5198 | D:6      | Reached skill level 3 in Fighting
  5198 | D:6      | Reached skill level 5 in Stealth
  5198 | D:6      | Reached XP level 9. HP: 3/44 MP: 3/16
  5305 | D:7      | Identified a +0 dagger
  5305 | D:7      | Identified a +0 robe
  5305 | D:7      | Identified a +0 falchion
  5305 | D:7      | Identified a +0 ring mail
  5305 | D:7      | Identified a +0 whip
  5305 | D:7      | Identified a +0 leather armour
  5305 | D:7      | Identified a +3 flail
  5305 | D:7      | Identified a +0 ring mail
  5305 | D:7      | Identified a +0 mace
  5309 | D:7      | Reached skill level 2 in Translocations
  5319 | D:7      | HP: 11/44 [orc/+0 falchion (5)]
  5337 | D:7      | Identified a +0 short sword
  5337 | D:7      | Identified a +0 scale mail
  5337 | D:7      | Noticed Duvessa
  5376 | D:7      | Identified a +0 dagger of venom
  5376 | D:7      | Identified a +0 robe
  5376 | D:7      | Noticed Dowan
  5376 | D:7      | Identified a +0 club
  5410 | D:7      | Killed Duvessa
  5411 | D:7      | Reached skill level 5 in Short Blades
  5433 | D:7      | Killed Dowan
  5497 | D:7      | Identified a +0 hand axe
  5497 | D:7      | Identified a +0 orcbow
  5497 | D:7      | Identified a +0 chain mail
  5497 | D:7      | Identified a +0 dagger
  5497 | D:7      | Identified a +0 robe
  5514 | D:7      | Reached skill level 3 in Armour
  5523 | D:7      | Reached **** piety under Sif Muna
  5549 | D:7      | Identified a +0 hand axe
  5635 | D:7      | Identified a +0 ring mail
  5683 | D:7      | Identified a +0 dagger
  5684 | D:7      | Identified a +0 short sword
  5685 | D:7      | Identified a +0 short sword
  5686 | D:7      | Identified a +0 dagger
  5686 | D:7      | Identified a +0 dagger
  5686 | D:7      | Identified a +0 dagger
  5729 | D:7      | Identified a +1 dagger of pain
  5729 | D:7      | Identified a +0 robe
  5729 | D:7      | Identified a +0 club
  5729 | D:7      | Identified a +0 dagger
  5730 | D:7      | Identified a +0 trident
  5874 | D:7      | Identified a +0 hand axe
  5950 | D:7      | Reached skill level 4 in Invocations
  6041 | D:7      | Identified a +0 scythe
  6041 | D:7      | Identified a +0 robe
  6041 | D:7      | Noticed Sigmund
  6057 | D:7      | Identified a +0 scythe
  6060 | D:7      | Killed Sigmund
  6075 | D:7      | Identified a +5 flail of protection
  6075 | D:7      | Identified a +0 leather armour
  6075 | D:7      | Noticed Edmund
  6078 | D:7      | Killed Edmund
  6154 | D:8      | Reached skill level 1 in Shields
  6154 | D:8      | Reached skill level 3 in Translocations
  6164 | D:8      | Identified a +0 shortbow
  6167 | D:8      | Identified a +4 great sword
  6167 | D:8      | Identified a +0 robe
  6167 | D:8      | Identified a +4 halberd
  6167 | D:8      | Identified a +0 robe
  6171 | D:8      | Identified a +0 falchion
  6171 | D:8      | Identified a +0 robe
  6174 | D:8      | Identified a +0 long sword
  6174 | D:8      | Identified a +0 robe
  6187 | D:8      | HP: 5/41 [wight/+4 great sword (16)]
  6188 | D:8      | Identified a scroll of fear
  6189 | D:8      | Identified a scroll of acquirement
  6189 | D:8      | Acquired the +11 rapier "Umid" {flame, rElec rPois}
  6190 | D:8      | Identified a scroll of blinking
  6334 | D:8      | Reached skill level 4 in Dodging
  6390 | D:8      | Identified a +0 spear
  6390 | D:8      | Noticed a hornet
  6392 | D:8      | Identified a +0 whip
  6392 | D:8      | Identified a +0 robe
  6396 | D:8      | Found a broken altar of Ashenzari.
  6396 | D:8      | Identified a +0 shortbow
  6410 | D:8      | Paralysed by a hornet for 3 turns
  6411 | D:8      | Killed a hornet
  6412 | D:8      | Reached skill level 4 in Fighting
  6412 | D:8      | Reached skill level 6 in Short Blades
  6412 | D:8      | Reached skill level 6 in Necromancy
  6412 | D:8      | Reached XP level 10. HP: 17/49 MP: 5/17
  6504 | D:8      | Identified a +0 whip
  6504 | D:8      | Identified a +0 flail
  6585 | D:8      | Identified a +0 great sword
  6585 | D:8      | Identified a +0 robe
  6594 | D:8      | Identified a +3 hand axe of freezing
  6594 | D:8      | Identified a +0 leather armour
  6597 | D:8      | Identified a +4 battleaxe
  6597 | D:8      | Identified a +0 robe
  6599 | D:8      | Identified a +0 dagger
  6599 | D:8      | Identified a +0 robe
  6600 | D:8      | Identified a +0 halberd
  6600 | D:8      | Identified a +0 robe
  6607 | D:8      | HP: 8/48 [wight/+4 battleaxe (9)]
  6641 | D:8      | Identified a +0 pair of gloves
  6737 | D:8      | Identified a +0 pair of gloves
  6746 | D:8      | Identified 2 potions of mutation
  6852 | D:8      | Identified a +0 short sword
  6852 | D:8      | Identified a +0 robe
  6881 | D:8      | Identified 2 potions of haste
  6897 | D:8      | Reached skill level 4 in Armour
  6906 | D:8      | Reached ***** piety under Sif Muna
  6957 | D:8      | Reached skill level 5 in Invocations
  7114 | D:8      | Identified a +0 robe
  7221 | D:8      | Found a runed translucent gate.
  7222 | D:8      | Found a runed translucent gate.
  7223 | D:8      | Found a runed translucent gate.
  7224 | D:8      | Noticed peterlawrence's ghost (novice MiFi)
  7288 | D:9      | Identified a +0 heavy halberd
  7288 | D:9      | Identified a +0 plate armour
  7288 | D:9      | Identified a +0 dagger
  7288 | D:9      | Identified a +0 dagger
  7288 | D:9      | Identified a +0 leather armour
  7288 | D:9      | Identified a +0 halberd
  7288 | D:9      | Identified a +0 plate armour
  7288 | D:9      | Identified a +2 dagger of venom
  7288 | D:9      | Identified a +0 morningstar
  7288 | D:9      | Identified a +0 club
  7288 | D:9      | Identified a +0 scale mail
  7289 | D:9      | Identified a +0 short sword
  7304 | D:8      | Reached skill level 7 in Short Blades
  7325 | D:9      | Identified a +0 club
  7377 | D:9      | Identified a +0 club
  7377 | D:9      | Identified a +0 leather armour
  7377 | D:9      | Identified a +0 club
  7431 | D:9      | Identified a +0 giant spiked club
  7431 | D:9      | Identified a +0 giant spiked club
  7431 | D:9      | Noticed a two-headed ogre
  7437 | D:9      | Killed a two-headed ogre
  7438 | D:9      | Reached skill level 7 in Necromancy
  7467 | D:9      | Identified a +0 club
  7467 | D:9      | Identified a +0 ring mail
  7469 | D:9      | Reached skill level 8 in Short Blades
  7475 | D:9      | HP: 7/49 [acid dragon/splash of acid (20)]
  7578 | D:9      | Found a staircase to the Orcish Mines.
  7788 | D:9      | Identified a +0 short sword of venom
  7851 | D:9      | Found a white marble altar of Elyvilon.
  7851 | D:9      | Found a glowing golden altar of the Shining One.
  7851 | D:9      | Found a glowing silver altar of Zin.
  7868 | D:9      | Found a bloodstained altar of Trog.
  7904 | D:9      | Identified a +0 antimagic scimitar
  7909 | D:9      | Found a shimmering blue altar of Sif Muna.
  7913 | D:9      | Got Sif Muna's Compilation of Arcane Combat
  7995 | D:9      | Identified a potion of heal wounds
  8001 | D:9      | Found Xuups's Neck Hole.
  8034 | D:9      | Found a burning altar of Makhleb.
  8034 | D:9      | Noticed a blizzard demon
  8191 | D:9      | Identified a +0 dire flail
  8191 | D:9      | Identified a +1 orcbow of flaming
  8191 | D:9      | Identified a +0 plate armour
  8191 | D:9      | Identified a +0 giant spiked club
  8191 | D:9      | Identified a +0 dagger
  8196 | D:9      | Reached XP level 11. HP: 36/53 MP: 12/18
  8255 | D:9      | Identified a +0 short sword
  8282 | D:9      | Identified a +0 spear
  8283 | D:9      | Identified a +0 mace
  8283 | D:9      | Identified a +0 leather armour
  8286 | D:9      | Identified a +0 scimitar
  8286 | D:9      | Identified a +0 chain mail
  8288 | D:9      | Identified a +0 club
  8296 | D:9      | Reached skill level 8 in Necromancy
  8296 | D:9      | Reached skill level 1 in Evocations
  8299 | D:9      | Identified a +0 flail
  8300 | D:9      | Identified a +0 whip
  8300 | D:9      | Identified a +0 spear
  8303 | D:9      | Identified a +0 spear
  8308 | D:9      | Identified a +0 giant club
  8309 | D:9      | Identified a +0 club
  8309 | D:9      | Identified a +0 leather armour
  8314 | D:9      | Reached skill level 9 in Short Blades
  8336 | D:9      | Received a gift from Sif Muna
  8349 | D:9      | Got Sif Muna's Compilation of Phantasms and the Welkin {god
                  | gift}
  8354 | D:9      | Learned a level 1 spell: Summon Small Mammal
  8367 | D:9      | Identified a +0 club
  8367 | D:9      | Identified a +0 robe
  8370 | D:9      | Identified a +0 club
  8370 | D:9      | Identified a +0 scale mail
  8371 | D:9      | Identified a +0 spear
  8373 | D:9      | Identified a +0 whip
  8393 | D:9      | Identified a +0 whip
  8398 | D:9      | Identified a +0 club
  8451 | D:9      | Identified a +0 shortbow
  8451 | D:9      | Identified a +0 dagger
  8489 | D:9      | Identified a +0 giant club
  8492 | D:9      | Identified a +0 giant spiked club
  8494 | D:9      | Identified a +0 giant spiked club
  8601 | D:9      | Identified +0 acid dragon scales
  8605 | D:9      | Identified a +0 mace
  8734 | D:9      | Identified a +2 short sword of electrocution
  8736 | D:9      | Identified a +0 whip
  8737 | D:9      | Identified a +0 dagger
  8740 | D:9      | Identified a +0 dagger
  8742 | D:9      | Identified a +0 club
  8742 | D:9      | Identified a +0 whip
  8745 | D:9      | Identified a +0 dagger
  8812 | D:9      | Identified 3 potions of cancellation
  8959 | D:9      | Identified a +0 helmet
  9023 | D:10     | Entered Level 10 of the Dungeon
  9050 | D:10     | Identified a +0 club
  9050 | D:10     | Identified a +0 short sword
  9051 | D:10     | Identified a +0 dagger
  9069 | D:10     | Reached skill level 1 in Summonings
  9095 | D:10     | Reached skill level 2 in Evocations
  9126 | D:10     | Identified 4 potions of brilliance
  9127 | D:10     | Identified a potion of lignification
  9232 | D:10     | Learned a level 2 spell: Blink
  9238 | D:10     | Identified a +4 giant club
  9238 | D:10     | Identified a +0 robe
  9238 | D:10     | Noticed Erolcha
  9275 | D:10     | Killed Erolcha
  9471 | D:10     | Identified a +0 club
  9471 | D:10     | Identified a +0 leather armour
  9472 | D:10     | Identified a +0 club
  9472 | D:10     | Identified a +0 scale mail
  9472 | D:10     | Identified a +0 dagger
  9472 | D:10     | Identified a +0 robe
  9473 | D:10     | Identified a +0 dagger
  9473 | D:10     | Identified a +0 robe
  9524 | D:10     | Noticed a cyclops
  9544 | D:10     | Killed a cyclops
  9664 | D:10     | Identified 4 potions of curing
  9665 | D:10     | Identified 4 potions of ambrosia
  9672 | D:10     | Identified a potion of berserk rage
  9699 | D:10     | Identified a potion of attraction
  9844 | D:10     | Identified a +0 scimitar
  9844 | D:10     | Identified a +0 arbalest
  9844 | D:10     | Identified a +0 plate armour
  9848 | D:10     | Reached skill level 2 in Summonings
  9850 | D:10     | Identified +0 acid dragon scales
  9880 | D:10     | Identified a +0 giant club
  9880 | D:10     | Identified a +0 giant spiked club
  9880 | D:10     | Noticed a two-headed ogre
  9880 | D:10     | Identified a +4 trident
  9880 | D:10     | Identified a +0 scale mail
  9881 | D:10     | Identified a +0 shortbow
  9881 | D:10     | Identified a +0 dagger
  9903 | D:10     | HP: 6/53 [two-headed ogre/+0 giant club (17)]
  9906 | D:10     | Killed a two-headed ogre
  9907 | D:10     | Reached skill level 5 in Spellcasting
  9907 | D:10     | Reached skill level 4 in Translocations
 10083 | D:10     | Identified +0 acid dragon scales
 10090 | D:10     | Identified a +0 short sword
 10097 | D:10     | Acquired 722 gold pieces
 10098 | D:10     | Acquired the ring of Boxkougo {rElec rN++ Str+6 SInv
                  | Stlth-}
 10099 | D:10     | Acquired a +2 cloak of willpower
 10234 | D:10     | Noticed an eight-headed hydra
 10249 | D:10     | Identified a +5 ring of evasion
 10255 | D:10     | Identified a +0 pair of gloves
 10256 | D:10     | Identified the +3 trident of Mana {flame, *Noise Will++
                  | Str+3}
 10276 | D:10     | HP: 12/53 [eight-headed hydra (4)]
 10277 | D:10     | HP: 3/53 [eight-headed hydra (4)]
 10277 | D:10     | Slain by an eight-headed hydra

Table legend: (Time is in decaauts)
 A = Elapsed time spent in this place.
 B = Non-inter-level travel time spent in this place.
 C = Inter-level travel time spent in this place.
 D = Time resting spent in this place.
 E = Time spent auto-exploring this place.
 F = Levels seen in this place.
 G = Mean time per level.
                   A        B        C        D        E       F      G
               +--------+--------+--------+--------+--------+-----+--------+
         Total |  10060 |   9430 |    630 |   1067 |   5321 |  11 |  914.5 |
       Dungeon |   9746 |   9116 |    630 |   1064 |   5273 |  10 |  974.6 |
         Sewer |    314 |    314 |      0 |      3 |     47 |   1 |  314.0 |
               +--------+--------+--------+--------+--------+-----+--------+

Top non-repeatable levels by time:
     D:9: 1508 daAuts
     D:8: 1216 daAuts
    D:10: 1215 daAuts
     D:2: 908 daAuts
     D:6: 875 daAuts
     D:5: 860 daAuts
     D:7: 830 daAuts
     D:1: 806 daAuts
     D:4: 770 daAuts
     D:3: 753 daAuts
   Sewer: 314 daAuts

Table legend:
 A = Kills in this place as a percentage of kills in the entire game.
 B = Kills by you in this place as a percentage of kills by you in the entire game.
 C = Kills by friends in this place as a percentage of kills by friends in the entire game.
 D = Other kills in this place as a percentage of other kills in the entire game.
 E = Experience gained in this place as a percentage of experience gained in the entire game.
 F = Experience gained in this place divided by the number of levels of this place that you have seen.
                   A       B       C       D       E      F
               +-------+-------+-------+-------+-------+----------------------
         Total | 100.0 | 100.0 |   N/A |   N/A | 100.0 | 1517.0
       Dungeon |  91.2 |  91.2 |   N/A |   N/A |  98.0 | 1635.3
         Sewer |   8.8 |   8.8 |   N/A |   N/A |   2.0 | 334.0
               +-------+-------+-------+-------+-------+----------------------

Skill      XL: |  1  2  3  4  5  6  7  8  9 10 11 |
---------------+----------------------------------+-----
Short Blades   | 1 2 3 4 6 8 9 |  9.9
Armour         | 1 2 3 4 |  4.0
Stealth        | 3 4 5 |  5.0
Fighting       | 1 2 3 4 |  4.0
Dodging        | 2 3 4 |  4.0
Invocations    | 1 2 3 4 5 |  5.0
Spellcasting   | 3 4 5 |  5.1
Necromancy     | 5 6 7 8 |  8.5
Translocations | 1 3 4 |  4.2
Shields        | 1 |  1.5
Evocations     | 2 |  2.9
Summonings     | 2 |  2.7

Action                     |  1- 3 |  4- 6 |  7- 9 | 10-12 || total
---------------------------+-------+-------+-------+-------++-------
  Melee: Dagger            |   106 |     2 |    83 |       ||   191
         Bite              |    23 |    64 |   128 |   120 ||   335
         Punch             |     1 |     1 |     1 |     4 ||     7
         Short sword       |       |   204 |   340 |     5 ||   549
         Rapier            |       |       |       |   343 ||   343
  Throw: Dart              |     3 |     1 |     2 |    28 ||    34
   Cast: Necrotise         |     1 |       |       |       ||     1
  Evoke: Wand              |       |       |       |    10 ||    10
    Use: Scroll            |     1 |       |     7 |    13 ||    21
         Potion            |       |       |       |     5 ||     5
   Stab: Sleeping          |     6 |     2 |     5 |     2 ||    15
         Distracted        |       |       |     1 |     1 ||     2
         Paralysed         |       |       |       |     1 ||     1
 Armour: Robe              |    29 |       |       |     5 ||    34
         Ring mail         |    17 |   131 |   322 |   163 ||   633
         Acid dragon scale |       |       |       |    88 ||    88
         Skin              |       |       |       |     1 ||     1
  Dodge: Dodged            |    52 |    87 |   232 |   221 ||   592

Vanquished Creatures
  Erolcha (D:10)
  2 two-headed ogres
  A cyclops (D:10)
  Jeremiah (D:6)
  3 trolls
  A hornet (D:8)
  Grinder (D:6)
  Sigmund (D:7)
  10 yaks
  A shadow (D:10)
  A ynoxinul (D:9)
  3 steam dragons
  A basilisk (D:10)
  Edmund (D:7)
  3 acid dragons
  6 orc warriors
  Duvessa (D:7)
  3 black bears
  An ice beast (D:7)
  A sky beast (D:7)
  5 ogres (D:9)
  4 centaurs
  2 phantoms
  7 kobold brigands
  2 bullfrogs
  2 necrophages (Sewer)
  A gnoll sergeant (D:10)
  2 scorpions
  Dowan (D:7)
  10 wights (D:8)
  14 killer bees
  2 howler monkeys (D:9)
  2 quasits (D:8)
  A hound (D:6)
  3 gnoll boudas
  4 orc priests
  2 jellies
  5 iguanas
  A scorpion zombie (D:4)
  A sleepcap (D:6)
  6 orc wizards
  A hound zombie (D:4)
  2 hound skeletons (D:4)
  2 adders
  24 gnolls
  A river rat (D:5)
  3 shadow imps
  6 white imps
  6 ufetubi
  An adder zombie (D:4)
  An adder skeleton (D:4)
  2 dart slugs
  36 orcs
  7 ball pythons
  7 endoplasms
  7 giant cockroaches
  6 hobgoblins
  5 jackals
  38 kobolds
  3 quokkas
  4 bats
  8 goblins
  A kobold zombie (Sewer)
  3 rats
294 creatures vanquished.
